 Dungeon Crawl Stone Soup version 0.25-a0-661-g55ea3d2053 (webtiles) character file.

Game seed: 5797187670765291088, levelgen mode: deterministic

43 n0claF the Chopper (level 3, -1/33 HPs)
             Began as a Hill Orc Monk on Mar 23, 2020.
             Slain by an orc
             ... wielding a +0 war axe
              (5 damage)
             ... on level 3 of the Dungeon.
             The game lasted 00:05:39 (1555 turns).

n0claF the Chopper (Hill Orc Monk)                  Turns: 1555, Time: 00:05:39

Health: -1/33      AC:  5    Str: 14    XL:     3   Next: 58%
Magic:  3/3        EV: 11    Int: 10    God:
Gold:   79         SH:  0    Dex: 13    Spells: 2/2 levels left

rFire    . . .     SeeInvis .   f - +1 dagger (speed)
rCold    . . .     Gourm    .   (no shield)
rNeg     . . .     Faith    .   c - +0 ring mail
rPois    .         Spirit   .   (no helmet)
rElec    .         Reflect  .   (no cloak)
rCorr    .         Harm     .   (no gloves)
MR       .....                  (no boots)
Stlth    +.........             (no amulet)
HPRegen  0.11/turn              (no ring)
MPRegen  0.08/turn              (no ring)

@: lethally poisoned (-1 -> -4)
A: no striking features
a: no special abilities


You were on level 3 of the Dungeon.
You were not hungry.

You visited 1 branch of the dungeon, and saw 3 of its levels.

You collected 79 gold pieces.

Inventory:

Hand Weapons
 a - a +0 hand axe
 f - a +1 dagger of speed (weapon)
   (You found it on level 1 of the Dungeon)
Missiles
 g - 6 atropa-tipped darts (quivered)
Armour
 b - a +0 robe
 c - a +0 ring mail (worn)
   (You found it on level 1 of the Dungeon)
Jewellery
 k - a +2 ring of strength {unknown}
   (You found it on level 2 of the Dungeon)
 n - an uncursed amulet of the gourmand {unknown}
   (You found it on level 2 of the Dungeon)
Scrolls
 d - a scroll of teleportation {unknown}
Potions
 h - a potion of lignification {unknown}
 i - a potion of flight {unknown}
 l - a potion of mutation {unknown}
 m - a potion of invisibility {unknown}
 o - a potion of curing {unknown}
 p - a potion of brilliance {unknown}
Comestibles
 e - 4 rations {!d}


   Skills:
 + Level 4.1 Fighting
 + Level 0.3 Short Blades
 - Level 4.9 Axes
 + Level 1.5 Armour
 - Level 2.4 Dodging
 - Level 1.5 Stealth


You had 2 spell levels left.
You didn't know any spells.
Your spell library contained the following spells:

 Spells                   Type           Power        Failure   Level  Hunger
 Animate Skeleton         Necr           N/A          61%         1    ##.....
 Apportation              Tloc           #.....       61%         1    ##.....
 Corona                   Hex            #......      61%         1    ##.....
 Summon Small Mammal      Summ           #...         61%         1    ##.....


Dungeon Overview and Level Annotations

Branches:
Dungeon (3/15)

Altars:
Vehumet


Message History

The orc wizard points at you and mumbles some strange words.
The magic dart hits you. The orc barely misses you. The adder bites you.
You are poisoned.
The adder poisons you!
You barely miss the orc wizard.
You feel sick.
The orc wizard hits you with a +0 dagger.
You hit the orc wizard but do no damage.
The adder closely misses you.
The orc wizard hits you but does no damage.
The orc hits you with a +0 war axe!
* * * LOW HITPOINT WARNING * * *
The hobgoblin hits you with a +0 club.
* * * LOW HITPOINT WARNING * * *
You barely miss the orc wizard. The adder bites you but does no damage.
The orc wizard hits you but does no damage.
Unknown command.
You barely miss the orc wizard.
You feel sick. The orc wizard misses you. The orc hits you but does no damage.
The adder closely misses you. The hobgoblin misses you.
You hit the orc wizard but do no damage.
The orc wizard misses you. The adder misses you.
You closely miss the orc wizard.
The orc wizard hits you but does no damage.
The orc barely misses you. The hobgoblin hits you with a +0 club.
* * * LOW HITPOINT WARNING * * *
The adder bites you but does no damage.
You barely miss the orc wizard.
You feel sick.
The orc wizard hits you but does no damage.
You barely miss the orc wizard. The adder bites you.
* * * LOW HITPOINT WARNING * * *
The hobgoblin hits you but does no damage.
The orc closely misses you.
The orc wizard hits you but does no damage.
You hit the orc wizard. The adder bites you but does no damage.
The orc wizard closely misses you.
The hobgoblin hits you but does no damage.
You hit the orc wizard but do no damage.
The orc hits you but does no damage. The adder barely misses you.
The orc wizard hits you but does no damage.
You barely miss the orc wizard.
* * * LOW HITPOINT WARNING * * *
You feel sick. The hobgoblin barely misses you. The adder barely misses you.
The orc wizard hits you with a +0 dagger.
* * * LOW HITPOINT WARNING * * *
The orc misses you.
You barely miss the orc wizard. The orc wizard misses you.
The adder closely misses you. The hobgoblin misses you.
You hit the orc wizard. The orc wizard closely misses you.
The orc hits you with a +0 war axe.
You die...

....... ......
....o.. $....#
....... .....+
....... .....#
#...o. .....
.#..... ... .##
.......##S#.....
#....oo@.......
...#...o#g######
##.......
#.###.### #. ..
#. ### #


You could see an orc wizard, an adder, 2 orcs and a hobgoblin.

Vanquished Creatures
  A worm (D:2)
  A dart slug (D:1)
  A ball python (D:1)
  5 bats
  3 giant cockroaches
  6 goblins
  7 hobgoblins
  3 frilled lizards
  6 kobolds
  2 rats (D:2)
35 creatures vanquished.

Notes
Turn   | Place    | Note
-------+----------+-------------------------------------------
     0 | D:1      | n0claF the Hill Orc Monk began the quest for the Orb.
     0 | D:1      | Reached XP level 1. HP: 19/19 MP: 1/1
   210 | D:1      | Reached XP level 2. HP: 27/27 MP: 2/2
   472 | D:1      | Reached skill level 1 in Armour
   844 | D:2      | Reached XP level 3. HP: 19/33 MP: 3/3
  1101 | D:2      | Found a faded altar of an unknown god.
  1143 | D:2      | Found a radiant altar of Vehumet.
  1555 | D:3      | Slain by an orc

Levels and vault maps discovered:
D:1:      heliophobic_arrival_battle_scene, layout_loops_ring
D:2:      layout_rooms, fiery_altar_vehumet, chequers_ecumenical_altar_simple
D:3:      layout_basic, lemuel_doored_altar, uniq_sigmund

Skill      XL: |  1  2 |
---------------+-------+-----
Armour         | 1 |  1.5
Fighting       | 4 |  4.1
Short Blades   | |  0.3
Axes           | |  4.9
Dodging        | |  2.4
Stealth        | |  1.5

Action                   || total
-------------------------++-------
Melee: Hand axe          ||    76
       Dagger            ||   114
  Eat: Chunk             ||     2
Armor: Ring mail         ||    50
Dodge: Dodged            ||   113

Table legend:
 A = Non-vault XP
 B = Vault XP
 C = Vault XP percentage of total XP
 D = Non-vault monster count
 E = Vault monster count
 F = Vault count percentage of total count
                 A         B        C        D         E       F
            +---------+---------+-------+---------+---------+-------
      Total |      62 |       0 |   0.0 |      35 |       0 |   0.0
            +---------+---------+-------+---------+---------+-------
        D:1 |      27 |       0 |   0.0 |      15 |       0 |   0.0
        D:2 |      34 |       0 |   0.0 |      19 |       0 |   0.0
        D:3 |       1 |       0 |   0.0 |       1 |       0 |   0.0
            +---------+---------+-------+---------+---------+-------
